 Dungeon Crawl Stone Soup version 0.22-a0-280-g69bf1f3 (webtiles) character file.

204 mhoghedin the Shield-Bearer (level 6, -6/42 HPs)
             Began as a Halfling Fighter on Mar 17, 2018.
             Was an Initiate of Okawaru.
             Mangled by pyroka's ghost (10 damage)
             ... on level 4 of the Dungeon.
             The game lasted 00:05:56 (2355 turns).

mhoghedin the Shield-Bearer (Halfling Fighter)      Turns: 2355, Time: 00:05:56

Health: -6/42      AC: 10    Str: 24    XL:     6   Next: 9%
Magic:  6/6        EV: 11    Int: 11    God:    Okawaru [......]
Gold:   160        SH: 11    Dex: 14    Spells: 5/5 levels left

rFire    . . .     SeeInvis .   a - +0 war axe
rCold    . . .     Gourm    +   c - +1 shield
rNeg     . . .     Faith    .   b - +0 scale mail
rPois    .         Spirit   .   m - +2 helmet
rElec    .         Reflect  .   (no cloak)
rCorr    .         Harm     .   (no gloves)
MR       .....                  (no boots)
Stlth    ..........             l - amulet of the gourmand {Gourm, !d}
HPRegen  0.14/turn              t - +5 ring of intelligence
MPRegen  0.10/turn              (no ring)

@: mighty, flying, hasted, very quick
A: small, mutation resistance 1
a: Renounce Religion


You were on level 4 of the Dungeon.
You worshipped Okawaru.
Okawaru was noncommittal.
You were not hungry.

You visited 1 branch of the dungeon, and saw 4 of its levels.

You collected 160 gold pieces.

Inventory:

Hand Weapons
 a - a +0 war axe (weapon)
Missiles
 i - a throwing net {=f, !d}
Armour
 b - a +0 scale mail (worn)
 c - a +1 shield (worn)
 m - a +2 helmet (worn)
   (You found it on level 1 of the Dungeon)
Jewellery
 l - an amulet of the gourmand (around neck) {Gourm, !d}
   (You found it on level 1 of the Dungeon)
 t - a +5 ring of intelligence (left hand)
   (You found it on level 3 of the Dungeon)
Wands
 e - a wand of random effects (12)
   (You found it on level 3 of the Dungeon)
 k - a wand of disintegration (9)
   (You took it off Ijyb on level 3 of the Dungeon)
Scrolls
 g - a scroll of immolation {unknown}
 h - 3 scrolls of remove curse
 j - a scroll of fear {unknown}
 o - a scroll of teleportation {unknown}
 p - a scroll of fog
 r - a scroll of magic mapping {!r}
 v - a scroll of blinking {!r}
 w - 3 scrolls of enchant armour
Potions
 q - a potion of flight
 s - a potion of brilliance {unknown}
 u - a potion of heal wounds {unknown}
Comestibles
 f - 10 rations


   Skills:
 + Level 3.4 Fighting
 + Level 3.1 Axes
 + Level 4.2 Armour
 + Level 2.3 Dodging
 + Level 4.3 Shields


You had 5 spell levels left.
You didn't know any spells.

Dungeon Overview and Level Annotations

Branches:
Dungeon (4/15)
 Temple: D:4-7

Altars:
Kikubaaqudgha
Okawaru

Annotations:
D:4 pyroka's ghost, amateur MiBe


Innate Abilities, Weirdness & Mutations

You are small and have problems with some larger weapons.
You are somewhat resistant to further mutation.


Message History

No target in view!
Done exploring.
Health restored: 42 No target in view!
No target in view!
No target in view!
No target in view!
No target in view!
No target in view!
No target in view!
No target in view!
No target in view!
Search for what [? for help]? altar
There is an open door here.
There is an open door here.
You see here a stone.
Things that are here:
a hunting sling; 14 stones You see here a stone.
There is an open gate, spattered with blood here.
You see here a stone.
You see here a stone.
There is an iron altar of Okawaru here.
You kneel at the altar of Okawaru.
Okawaru welcomes you!
(D) Dungeon
Where to? (Enter - D:3 @ (x,y), ? - help)
You see here a hand axe.
There is a stone staircase leading down here.
You climb downwards.
There is a stone staircase leading up here.
Found a stone staircase leading down.
Found an escape hatch in the ceiling.
No target in view!
You now have 160 gold pieces (gained 17).
A ball python comes into view.
The ball python hisses angrily.
Pyroka's ghost (amateur Minotaur Berserker) comes into view.
Pyroka's ghost turns its malevolent gaze towards you.
Pyroka's ghost says, "Are you willing to die fighting?
I was!"
You barely miss the ball python. You block the ball python's attack. x2
You slash the ball python!
You kill the ball python!
Okawaru accepts your kill.
You closely miss pyroka's ghost. You block pyroka's ghost's attack. x2
You hit pyroka's ghost but do no damage.
Pyroka's ghost says, "Are you willing to die fighting?
I was!"
Pyroka's ghost hits you but does no damage.
Your shield prevents you from hitting pyroka's ghost.
Pyroka's ghost hits you.
You take 3 damage, and have 39/42 hp.
You barely miss pyroka's ghost. Pyroka's ghost stares at you.
You block pyroka's ghost's attack. Pyroka's ghost hits you.
You hit pyroka's ghost but do no damage.
You block pyroka's ghost's attack.
Your scale mail prevents you from hitting pyroka's ghost.
Pyroka's ghost shouts, "You will join me soon!"
Pyroka's ghost closely misses you. You block pyroka's ghost's attack.
You take 6 damage, and have 33/42 hp.
You hit pyroka's ghost but do no damage.
You block pyroka's ghost's attack.
You barely miss pyroka's ghost.
Pyroka's ghost hits you but does no damage.
You barely miss pyroka's ghost. Pyroka's ghost hits you!
Pyroka's ghost closely misses you.
You take 10 damage, and have 24/42 hp.
MASSIVE DAMAGE!!
You feel very mighty all of a sudden. Pyroka's ghost hits you!
You take 7 damage, and have 18/42 hp.
Your shield and scale mail prevent you from hitting pyroka's ghost.
Pyroka's ghost closely misses you.
You hit pyroka's ghost.
Pyroka's ghost shrieks, "You will never get the ORB!"
Pyroka's ghost hits you but does no damage.
You block pyroka's ghost's attack.
It was a potion of flight.
You feel very buoyant.
You fly up into the air.
Pyroka's ghost hits you but does no damage.
You slash pyroka's ghost! Pyroka's ghost hits you.
You take 5 damage, and have 14/42 hp.
You hit pyroka's ghost but do no damage.
You block pyroka's ghost's attack.
Your shield and scale mail prevent you from hitting pyroka's ghost.
Pyroka's ghost hits you!
* * * LOW HITPOINT WARNING * * *
Pyroka's ghost hits you.
* * * LOW HITPOINT WARNING * * *
You take 11 damage, and have 3/42 hp.
MASSIVE DAMAGE!!
It was a potion of mutation.
You feel extremely strange.
Pyroka's ghost hits you but does no damage.
It was a potion of haste.
You feel yourself speed up. Pyroka's ghost closely misses you.
You completely miss pyroka's ghost.
Pyroka's ghost hits you but does no damage.
You slice pyroka's ghost!! Pyroka's ghost hits you!
You die...

..####### <.......#
........############
................<..#
........########.#.#
.........W@......#.#
.........#####.#.#.#
.........# #...#..
.........# #######
.........#
.........#
.....#...#
..>......#
....#......#


You could see pyroka's ghost.

Vanquished Creatures
  Jessica (D:2)
  Ijyb (D:3)
  An orc wizard (D:3)
  5 adders
  An ooze (D:3)
  7 orcs (D:3)
  A ball python (D:4)
  A bat zombie (D:1)
  A giant cockroach (D:1)
  13 goblins
  7 hobgoblins
  3 jackals (D:3)
  12 kobolds
  3 quokkas
  3 bats (D:1)
  7 frilled lizards
  A giant cockroach zombie (D:1)
  3 rats
71 creatures vanquished.

Notes
Turn   | Place    | Note
-------+----------+-------------------------------------------
     0 | D:1      | mhoghedin the Halfling Fighter began the quest for the Orb.
     0 | D:1      | Reached XP level 1. HP: 15/15 MP: 1/1
   113 | D:1      | Reached XP level 2. HP: 16/20 MP: 2/2
   704 | D:2      | Reached skill level 1 in Dodging
   704 | D:2      | Reached XP level 3. HP: 25/25 MP: 3/3
   875 | D:2      | Reached skill level 3 in Fighting
   888 | D:2      | Reached XP level 4. HP: 31/31 MP: 4/4
   901 | D:2      | Noticed Jessica
   908 | D:2      | Killed Jessica
  1421 | D:3      | Reached XP level 5. HP: 36/36 MP: 5/5
  1438 | D:3      | Reached skill level 4 in Armour
  1438 | D:3      | Reached skill level 4 in Shields
  1441 | D:3      | Reached skill level 2 in Dodging
  1469 | D:3      | Found an ancient bone altar of Kikubaaqudgha.
  1670 | D:3      | Noticed Ijyb
  1691 | D:3      | Killed Ijyb
  1691 | D:3      | Reached skill level 3 in Axes
  1810 | D:3      | Reached XP level 6. HP: 42/42 MP: 6/6
  1855 | D:3      | Found an iron altar of Okawaru.
  2289 | D:3      | Became a worshipper of Warmaster Okawaru
  2324 | D:4      | Noticed pyroka's ghost (amateur MiBe)
  2351 | D:4      | HP: 7/42 [pyroka's ghost (7)]
  2351 | D:4      | HP: 3/42 [pyroka's ghost (4)]
  2355 | D:4      | Mangled by pyroka's ghost

Vault maps used:
D:1:      saegor_arrival_fortress
D:2:      first_ration, uniq_jessica
D:3:      kennysheep_goblin_castle, kiku_gazebo_garden_becter,
          okawaru_ov_weapons_minmay
D:4:      nicolae_qazlal_general_emergency, lemuel_temple_firewalk_b,
          serial_shops, shop, nicolae_shop_behind_doors,
          nicolae_shop_behind_doors,
          nicolae_shop_temple_entry_statues_fountains, shop_fountains,
          minivault_11, lightli_corner_chamber

Skill      XL: |  1  2  3  4  5 |
---------------+----------------+-----
Dodging        | 1 2 |  2.3
Fighting       | 3 |  3.4
Armour         | 4 |  4.2
Shields        | 4 |  4.3
Axes           | 3 |  3.1

Action                   |  1- 3 |  4- 6 || total
-------------------------+-------+-------++-------
Melee: War axe           |   104 |   138 ||   242
Evoke: Wand              |       |     1 ||     1
  Use: Scroll            |     6 |     2 ||     8
       Potion            |       |     8 ||     8
  Eat: Chunk             |       |     7 ||     7
Armor: Scale mail        |    34 |    51 ||    85
       Skin              |       |     4 ||     4
Dodge: Dodged            |    43 |    43 ||    86
Block: Shield            |    56 |    78 ||   134

Table legend:
 A = Spawn XP
 B = Non-spawn XP
 C = Spawn XP percentage of total XP
 D = Spawn monster count
 E = Non-spawn monster count
 F = Spawn count percentage of total count
 G = Total turns spent on level
                    A         B        C        D         E        F      G
               +---------+---------+-------+---------+---------+-------+---------
         Total |       0 |     292 |   0.0 |       0 |      71 |   0.0 |  2355
               +---------+---------+-------+---------+---------+-------+---------
           D:1 |       0 |      26 |   0.0 |       0 |      17 |   0.0 |   675
           D:2 |       0 |     100 |   0.0 |       0 |      18 |   0.0 |   650
           D:3 |       0 |     164 |   0.0 |       0 |      35 |   0.0 |   983
           D:4 |       0 |       2 |   0.0 |       0 |       1 |   0.0 |    47
               +---------+---------+-------+---------+---------+-------+---------

Vault maps used:
D:1:      saegor_arrival_fortress
D:2:      first_ration, uniq_jessica
D:3:      kennysheep_goblin_castle, kiku_gazebo_garden_becter,
          okawaru_ov_weapons_minmay
D:4:      nicolae_qazlal_general_emergency, lemuel_temple_firewalk_b,
          serial_shops, shop, nicolae_shop_behind_doors,
          nicolae_shop_behind_doors,
          nicolae_shop_temple_entry_statues_fountains, shop_fountains,
          minivault_11, lightli_corner_chamber

Table legend:
 A = Turns spent in this place as a percentage of turns spent in the entire game.
 B = Non-inter-level travel turns spent in this place as a percentage of non-inter-level travel turns spent in the entire game.
 C = Inter-level travel turns spent in this place as a percentage of turns spent in this place.
 D = Turns resting spent in this place as a percentage of non-inter-level travel turns spent in this place.
 E = Turns spent auto-exploring this place as a percentage of non-inter-level travel turns spent in this place.
 F = Non-inter-level travel turns spent in this place divided by the number of levels of this place that you've seen.
                   A       B       C       D       E      F
               +-------+-------+-------+-------+-------+----------------------
         Total | 100.0 | 100.0 |   5.2 |   4.9 |  72.2 | 558.0
       Dungeon | 100.0 | 100.0 |   5.2 |   4.9 |  72.2 | 558.0
               +-------+-------+-------+-------+-------+----------------------

Table legend:
 A = Kills in this place as a percentage of kills in entire the game.
 B = Kills by you in this place as a percentage of kills by you in the entire game.
 C = Kills by friends in this place as a percentage of kills by friends in the entire game.
 D = Other kills in this place as a percentage of other kills in the entire game.
 E = Experience gained in this place as a percentage of experience gained in the entire game.
 F = Experience gained in this place divided by the number of levels of this place that you have seen.
                   A       B       C       D       E      F
               +-------+-------+-------+-------+-------+----------------------
         Total | 100.0 | 100.0 |   N/A |   N/A | 100.0 |  73.0
       Dungeon | 100.0 | 100.0 |   N/A |   N/A | 100.0 |  73.0
               +-------+-------+-------+-------+-------+----------------------
